 Dungeon Crawl Stone Soup version 0.28.0-49-g6dfe1f597d (webtiles) character file.

Game seed: 17276099784111406329

14690 joshe the Artisan of Death (level 11, -3/82 HPs)
             Began as a Demonspawn Necromancer on May 9, 2022.
             Was a Priest of Kikubaaqudgha.
             Slain by an orc knight
             ... wielding a +0 great mace
              (31 damage)
             ... on level 2 of the Orcish Mines on May 18, 2022.
             The game lasted 02:25:37 (22505 turns).

joshe the Artisan of Death (DsNe)                  Turns: 22505, Time: 02:25:37

Health: -3/82      AC: 13    Str: 12    XL:     11   Next: 92%
Magic:  4/23       EV: 13    Int: 18    God:    Kikubaaqudgha [***...]
Gold:   670        SH:  6    Dex: 20    Spells: 4/26 levels left

rFire   . . .      SeeInvis .   K - +5 falchion of Siexis {vorpal, rElec rN++ Str-3 Int-4 Dex+3}
rCold   + . .      Faith    .   Q - +0 buckler
rNeg    + + .      Spirit   .   M - +3 leather armour {rC+}
rPois   +          Reflect  .   (no helmet)
rElec   +          Harm     .   a - scarf {repulsion}
rCorr   .          Rampage  .   (no gloves)
Will    ++...                   v - +0 pair of boots
Stlth   ++........              X - amulet of the Quahog {RegenMP rPois Will+ Regen+ Int+4}
HPRegen 1.03/turn               h - +4 ring of protection
MPRegen 0.58/turn               G - ring of Darkness {rElec Will+ Str+4 Dex+3}

@: repel missiles
A: rugged brown scales 1, demonic guardian 1, icemail 1, condensation shield,
weakness stinger 1
a: Renounce Religion, Receive Corpses


You were on level 2 of the Orcish Mines.
You worshipped Kikubaaqudgha.
Kikubaaqudgha was most pleased with you.
You visited 3 branches of the dungeon, and saw 15 of its levels.

You collected 831 gold pieces.
You spent 161 gold pieces at shops.

Inventory:

Hand Weapons
 A - a +1 whip of venom
 E - a +1 halberd of pain
 K - the +5 falchion of Siexis (weapon) {vorpal, rElec rN++ Str-3 Int-4 Dex+3}
   (You found it on level 6 of the Dungeon)

   It inflicts extra damage upon your enemies.
   Str:       It affects your strength (-3).
   Int:       It affects your intelligence (-4).
   Dex:       It affects your dexterity (+3).
   rElec:     It insulates you from electricity.
   rN:        It greatly protects you from negative energy.
Missiles
 d - 7 curare-tipped darts
 w - 8 boomerangs (quivered)
 F - 4 silver javelins
Armour
 a - a scarf of repulsion (worn)
 l - a +0 kite shield
 v - a +0 pair of boots (worn)
 x - a +1 ring mail of fire resistance
 M - a +3 leather armour of cold resistance (worn)
 Q - a +0 buckler (worn)
 V - the +0 hat of Valour {rPois rCorr Dex+6 Slay-4}
   (You found it on level 11 of the Dungeon)

   Dex:       It affects your dexterity (+6).
   Slay:      It affects your accuracy & damage with ranged weapons and melee
   (-4).
   rPois:     It protects you from poison.
   rCorr:     It protects you from acid and corrosion.
Magical Staves
 z - a staff of cold
 D - a staff of poison
Jewellery
 h - a +4 ring of protection (left hand)
 k - a ring of protection from cold
 G - the ring of Darkness (right hand) {rElec Will+ Str+4 Dex+3}
   (You acquired it on level 3 of the Dungeon)

   [ring of willpower]

   Str:       It affects your strength (+4).
   Dex:       It affects your dexterity (+3).
   rElec:     It insulates you from electricity.
   Will:      It increases your willpower.
 P - an amulet of regeneration
 S - the brooch of Shielding {Spirit SH+8}
   (You found it on level 10 of the Dungeon)

   [amulet of guardian spirit]

   It causes incoming damage to be divided between your reserves of health and
   magic.
   SH:        It affects your SH (+8).
 X - the amulet of the Quahog (around neck) {RegenMP rPois Will+ Regen+ Int+4}
   (You acquired it on level 12 of the Dungeon)

   [amulet of magic regeneration]

   It increases your rate of magic regeneration.
   Int:       It affects your intelligence (+4).
   rPois:     It protects you from poison.
   Regen:     It increases your rate of health regeneration.
   Will:      It increases your willpower.
Wands
 O - a wand of polymorph (8)
 U - a wand of paralysis (7)
Scrolls
 i - a scroll of fog {unknown}
 j - 2 scrolls of magic mapping {unknown}
 m - 3 scrolls of amnesia
 r - 2 scrolls of vulnerability {unknown}
 y - a scroll of torment {unknown}
 B - a scroll of silence {unknown}
 I - 5 scrolls of enchant weapon
 J - 2 scrolls of fear {unknown}
 L - 3 scrolls of noise {unknown}
 N - 2 scrolls of enchant armour {unknown}
Potions
 b - 3 potions of flight
 c - a potion of ambrosia
 e - 4 potions of curing
 f - 2 potions of magic
 g - a potion of lignification {unknown}
 o - 4 potions of heal wounds
 q - a potion of resistance {unknown}
 s - a potion of haste {unknown}
 u - 2 potions of berserk rage {unknown}
 C - 2 potions of cancellation {unknown}
 R - 3 potions of invisibility {unknown}
 W - a potion of degeneration {unknown}


   Skills:
 + Level 5.5 Fighting
 - Level 6.0 Armour
 - Level 4.0 Dodging
 - Level 2.0 Stealth
 - Level 6.0 Shields
 - Level 8.0 Spellcasting
 - Level 5.0 Conjurations
 - Level 12.0 Necromancy
 - Level 3.0 Air Magic
 - Level 5.0 Poison Magic
 - Level 2.0 Evocations


You had 4 spell levels left.
You knew the following spells:

 Your Spells              Type           Power      Damage    Failure   Level
a - Pain                  Necr           100%       1d9       1%          1
b - Vampiric Draining     Necr           50%        2d9       1%          3
c - Animate Dead          Necr           25%        N/A       1%          4
d - Sublimation of Blood  Necr           50%        N/A       1%          2
e - Dispel Undead         Necr           50%        3d19      1%          4
f - Agony                 Necr           50%        N/A       3%          5
g - Mephitic Cloud        Conj/Pois/Air  22%        N/A       9%          3

Your spell library contained the following spells:

 Spells                   Type           Power      Damage    Failure   Level
 Animate Skeleton         Necr           100%       N/A       1%          1
 Corpse Rot               Necr/Air       68%        N/A       1%          2
 Static Discharge         Conj/Air       21%        N/A       4%          2
 Wereblood                Tmut           7%         N/A       24%         2
 Ignite Poison            Fire/Tmut/Pois 13%        N/A       24%         3
 Ozocubu's Armour         Ice            7%         N/A       43%         3
 Sticky Flame             Conj/Fire      16%        2d4       50%         4
 Animate Armour           Summ/Erth      14%        N/A       83%         4
 Excruciating Wounds      Necr           25%        N/A       3%          5
 Death Channel            Necr           25%        N/A       17%         6
 Borgnjor's Vile Clutch   Necr/Erth      14%        N/A       36%         5
 Freezing Cloud           Conj/Ice/Air   8%         6-21      83%         5
 Simulacrum               Ice/Necr       14%        N/A       90%         6
 Blade Hands              Tmut           3%         N/A       99%         5
 Conjure Ball Lightning   Conj/Air       10%        3x3d6     99%         6
 Iron Shot                Conj/Erth      8%         9d3       100%        6
 Ozocubu's Refrigeration  Ice            3%         4d5       100%        7
 Summon Hydra             Summ           3%         N/A       100%        7
 Discord                  Hex            3%         N/A       100%        8
 Disjunction              Tloc           3%         N/A       100%        8


Dungeon Overview and Level Annotations

Branches:
Dungeon (12/15)            Temple (1/1) D:6            Lair (0/6) D:8
    Orc (2/2) D:11
    Elf: Orc:2

Altars:
Ashenzari
Cheibriados
Dithmenos
Elyvilon
Fedhas
Gozag
Hepliaklqana
Kikubaaqudgha
Makhleb
Nemelex Xobeh
Okawaru
Qazlal
Ru
Sif Muna
Trog
Uskayaw
Vehumet
Wu Jian
Xom
Yredelemnul
Zin
The Shining One
Beogh

Shops:
D:3 *   D:4 (   D:9 *   Orc:2 =


Innate Abilities, Weirdness & Mutations

You are partially covered in rugged brown scales. (AC +1, +3% HP)
A weak demonic guardian rushes to your aid.
A meltable icy envelope protects you from harm. (AC +0)
A meltable shield of frost defends you. (SH +0)
You have a small tail.


Message History

Aim: an orc knight, wielding a +0 great mace, wearing a +0 chain mail and quivering bolts (noxious fumes, strong)
You draw life force from the orc knight!
You feel life coursing into your body.
The orc warrior closely misses the orc sorcerer.
The troll barely misses you. The troll closely misses you. The troll claws you.
The orc sorcerer chortles and stares into space.
The orc sorcerer hits you but does no damage.
Casting: Vampiric Draining (safe; 1% risk of failure)
Confirm with . or Enter, or press ? or * to list all spells.
Aiming: Vampiric Draining (safe; 1% risk of failure)
Press: ? - help, Shift-Dir - straight line, f/p - orc knight
Aim: an orc knight, wielding a +0 great mace, wearing a +0 chain mail and quivering bolts (noxious fumes, lightly wounded, strong)
You draw life force from the orc knight!
You feel life coursing into your body!
The orc sorcerer is engulfed in noxious fumes.
The orc sorcerer points at you and mumbles some strange words.
The bolt of fire hits you!
Your icy defenses dissipate!
The orc warrior closely misses the orc knight.
The orc sorcerer casts a spell.
The troll bites you! The troll closely misses you.
You block the troll's attack.
The orc knight is engulfed in noxious fumes.
The orc knight appears confused.
The orc priest calls down the wrath of Beogh upon you.
Beogh smites you!
* * * LOW HITPOINT WARNING * * *
The orc sorcerer hits the orc warrior with a +0 dagger.
You feel much better.
The orc sorcerer is engulfed in noxious fumes.
The orc sorcerer appears confused.
The orc sorcerer completely misses the orc sorcerer.
The orc sorcerer gestures wildly while chanting.
The troll bites you! The troll claws you but does no damage.
You block the troll's attack.
The orc knight is engulfed in noxious fumes.
The orc knight appears confused.
The orc knight hits you with a +0 great mace!!
You die...
Kikubaaqudgha rasps: "You have failed me!
Welcome... death!"

#...# ##......... ##.##
#.......... ##.##
............. #...###
........∩.8.P #...#.##
##.........P.P #[.....#
#.....P.oO....
##.##[<####33.##..PP.....
#o##.oo#oo#..##......)..
#.o.##.#@oooo..#..o......
##o##.###ToT...##..o#o...


oo. . #o#Oo..###..#.... ..... .o4#T4..##o....#. ##.... ..#O.o.....o.oO.. #....
............o..... ..... .....#...#...o.... ....##...#......... .......#......
You could see an orc warlord, 2 orc knights, a soul eater (summoned), an orc
high priest (strong), an orange demon (summoned), 3 trolls, a ynoxinul
(summoned), a chaos spawn (summoned), 3 orc sorcerers, 2 orc warriors, 2 ogres,
2 orc priests and 2 orcs.

Vanquished Creatures
  Harold (Orc:1)
  2 two-headed ogres
  5 skeletal warriors (D:11)
  A wizard (D:11)
  An orc knight (Orc:1)
  An ugly thing (D:12)
  An orc sorcerer (Orc:1)
  A centaur zombie (D:10)
  2 kobold demonologists (D:10)
  2 trolls
  A meliai zombie (D:7)
  2 wraiths
  A wyvern (D:7)
  4 yaks
  Eustachio (D:6)
  A basilisk (D:8)
  A steam dragon (D:9)
  2 wargs (D:11)
  Edmund (D:6)
  Menkaure (D:7)
  A water moccasin (D:9)
  2 sky beasts (D:7)
  A black bear (D:8)
  14 orc warriors
  3 ogres
  A wolf (D:8)
  A necrophage (D:4)
  4 centaurs
  2 kobold brigands
  2 gnoll sergeants
  A scorpion (D:7)
  11 killer bees
  6 wights
  4 hounds
  2 jellies
  A gnoll shaman (D:5)
  9 orc priests
  A centaur skeleton (D:7)
  3 bullfrog skeletons
  Jessica (D:2)
  3 iguanas (D:5)
  11 orc wizards
  A killer bee zombie (D:5)
  A hound skeleton (D:4)
  A howler monkey zombie (D:8)
  18 gnolls
  4 adders
  4 white imps
  An adder skeleton (D:4)
  2 dart slugs (D:5)
  39 orcs
  8 endoplasms
  3 goblins
  5 hobgoblins
  2 jackals (D:1)
  5 quokkas
  4 ball pythons
  4 frilled lizards
  26 kobolds
  6 rats
250 creatures vanquished.

Vanquished Creatures (collateral kills)
  A troll (D:11)
  3 orc warriors (Orc:2)
  An orc (D:11)
5 creatures vanquished.

Vanquished Creatures (others)
  A kobold (D:11)
  7 fungi (Orc:2)
8 creatures vanquished.

Grand Total: 263 creatures vanquished

Notes
Turn   | Place    | Note
-------+----------+-------------------------------------------
     0 | D:1      | joshe the Demonspawn Necromancer began the quest for the
                  | Orb.
     0 | D:1      | Reached XP level 1. HP: 13/13 MP: 3/3
   337 | D:1      | Gained mutation: You have a small tail. [demonic ancestry]
   337 | D:1      | Reached XP level 2. HP: 10/19 MP: 1/5
  1088 | D:1      | Reached skill level 5 in Necromancy
  1682 | D:2      | Reached XP level 3. HP: 23/24 MP: 4/6
  1688 | D:2      | Noticed Jessica
  1696 | D:2      | Killed Jessica
  1891 | D:2      | Found a faded altar of an unknown god.
  1964 | D:2      | Reached skill level 6 in Necromancy
  1982 | D:2      | Gained mutation: A meltable shield of frost defends you.
                  | (SH +0) [demonic ancestry]
  1982 | D:2      | Reached XP level 4. HP: 26/29 MP: 4/7
  2014 | D:2      | Learned a level 3 spell: Vampiric Draining
  2314 | D:2      | Reached skill level 1 in Fighting
  3187 | D:3      | Found Ruats's Assorted Antiques.
  3206 | D:3      | Bought a blackened cabochon amulet for 115 gold pieces
  4165 | D:4      | Found Qabin's Antique Weapon Shop.
  4422 | D:4      | Gained mutation: A meltable icy envelope protects you from
                  | harm. (AC +0) [demonic ancestry]
  4422 | D:4      | Reached XP level 5. HP: 38/38 MP: 7/9
  5240 | D:5      | Entered Level 5 of the Dungeon
  5240 | D:5      | Noticed an orc warrior
  5830 | D:5      | Noticed a necrophage
  5934 | D:5      | Gained mutation: You are partially covered in rugged brown
                  | scales. (AC +1, +3% HP) [demonic ancestry]
  5934 | D:5      | Reached XP level 6. HP: 32/45 MP: 2/10
  6022 | D:5      | Learned a level 1 spell: Animate Skeleton
  6102 | D:5      | Learned a level 2 spell: Sublimation of Blood
  6161 | D:5      | Reached skill level 7 in Necromancy
  6768 | D:5      | Reached skill level 1 in Shields
  7053 | D:5      | Reached skill level 1 in Armour
  7053 | D:5      | Reached XP level 7. HP: 38/51 MP: 13/13
  7807 | D:4      | Reached skill level 1 in Evocations
  7920 | D:3      | Bought a scroll labelled OSUIVO TERIA for 23 gold pieces
  7920 | D:3      | Bought a scroll labelled MEGRIM FORHEMU for 23 gold pieces
  7920 | D:3      | Identified 2 scrolls of acquirement
  7920 | D:3      | Acquired a +1 crystal plate armour
  7924 | D:3      | Acquired the ring of Darkness {rElec Will+ Str+4 Dex+3}
  8022 | D:6      | Identified the +5 falchion of Siexis {vorpal, rElec rN++
                  | Str-3 Int-4 Dex+3}
  8201 | D:6      | Found a staircase to the Ecumenical Temple.
  8339 | D:6      | Noticed Edmund
  8349 | D:6      | Killed Edmund
  8582 | D:6      | Reached XP level 8. HP: 52/57 MP: 7/14
  8683 | D:6      | Noticed Eustachio
  8695 | D:6      | Killed Eustachio
  8696 | D:6      | Reached skill level 5 in Spellcasting
  9062 | Temple   | Entered the Ecumenical Temple
  9896 | Temple   | Became a worshipper of Kikubaaqudgha
  9978 | D:6      | Learned a level 4 spell: Dispel Undead
 10323 | D:7      | Reached skill level 8 in Necromancy
 10503 | D:7      | Noticed Menkaure
 10953 | D:7      | Reached skill level 9 in Necromancy
 11505 | D:7      | Killed Menkaure
 11506 | D:7      | Reached skill level 10 in Necromancy
 11600 | D:7      | Reached XP level 9. HP: 62/62 MP: 16/16
 12561 | D:7      | Reached skill level 5 in Shields
 12967 | D:8      | Found a staircase to the Lair.
 12979 | D:8      | Reached * piety under Kikubaaqudgha
 12979 | D:8      | Received a gift from Kikubaaqudgha
 12980 | D:8      | Reached skill level 11 in Necromancy
 14128 | D:8      | Found a staircase to the Lair.
 14579 | D:9      | Reached skill level 12 in Necromancy
 14587 | D:8      | Reached XP level 10. HP: 60/69 MP: 8/19
 15023 | D:9      | Found Yseem's Assorted Antiques.
 15089 | D:9      | Noticed a two-headed ogre
 15179 | D:9      | Killed a two-headed ogre
 15745 | D:9      | Upgraded the game from 0.28.0-47-ge53b351184 to
                  | 0.28.0-49-g6dfe1f597d
 15786 | D:10     | Entered Level 10 of the Dungeon
 16264 | D:10     | Found the brooch of Shielding {Spirit SH+8}
 17166 | D:10     | Noticed a sun demon
 17853 | D:10     | Learned a level 5 spell: Agony
 17857 | D:10     | Learned a level 3 spell: Mephitic Cloud
 18412 | D:11     | Found a staircase to the Orcish Mines.
 18421 | D:11     | Reached skill level 1 in Conjurations
 18421 | D:11     | Reached skill level 1 in Air Magic
 18656 | D:11     | Noticed a wizard
 18672 | D:11     | Killed a wizard
 18817 | D:11     | Identified the +0 hat of Valour {rPois rCorr Dex+6 Slay-4}
 19044 | D:11     | Noticed a skeletal warrior
 19044 | D:11     | Noticed a skeletal warrior
 19046 | D:11     | Noticed a boulder beetle
 19269 | D:11     | Killed a skeletal warrior
 19413 | D:11     | Noticed a skeletal warrior
 19429 | D:11     | Killed a skeletal warrior
 19430 | D:11     | Gained mutation: A weak demonic guardian rushes to your
                  | aid. [demonic ancestry]
 19430 | D:11     | Reached XP level 11. HP: 79/79 MP: 8/21
 19554 | D:11     | Killed a skeletal warrior
 19554 | D:11     | Reached ** piety under Kikubaaqudgha
 19643 | D:11     | Noticed a skeletal warrior
 19644 | D:11     | Noticed a skeletal warrior
 19662 | D:11     | Killed a skeletal warrior
 19689 | D:11     | Killed a skeletal warrior
 19828 | Orc:1    | Entered Level 1 of the Orcish Mines
 20027 | D:12     | Noticed a green ugly thing
 20036 | D:12     | Killed a green ugly thing
 20351 | D:12     | Acquired the amulet of the Quahog {RegenMP rPois Will+
                  | Regen+ Int+4}
 20603 | D:11     | Reached skill level 5 in Conjurations
 20603 | D:11     | Reached skill level 5 in Poison Magic
 21161 | D:11     | Reached skill level 5 in Armour
 21213 | Orc:1    | Noticed an orc sorcerer
 21222 | Orc:1    | Killed an orc sorcerer
 21230 | D:11     | Learned a level 4 spell: Animate Dead
 21262 | Orc:1    | Noticed Harold
 21309 | Orc:1    | Killed Harold
 21716 | Orc:2    | Entered Level 2 of the Orcish Mines
 21719 | Orc:2    | Noticed an orc sorcerer
 21724 | Orc:2    | Noticed an orc knight
 21728 | Orc:2    | Noticed an orc sorcerer
 21934 | Orc:2    | Noticed an orc knight
 21937 | Orc:2    | Noticed an orc knight
 21939 | Orc:2    | Noticed an orc warlord
 21942 | Orc:2    | Found Emmurph's Jewellery Shop.
 21949 | Orc:2    | Noticed an orc sorcerer
 21952 | Orc:2    | Noticed an orc sorcerer
 21954 | Orc:2    | Noticed an orc high priest
 21957 | Orc:2    | Noticed a sun demon
 21966 | Orc:2    | Noticed a sixfirhy
 21966 | Orc:2    | Noticed a two-headed ogre
 22249 | Orc:1    | Reached *** piety under Kikubaaqudgha
 22249 | Orc:1    | Received a gift from Kikubaaqudgha
 22260 | Orc:1    | Killed an orc knight
 22467 | Orc:1    | Killed a two-headed ogre
 22468 | Orc:1    | Reached skill level 5 in Fighting
 22503 | Orc:2    | Noticed a soul eater
 22505 | Orc:2    | Slain by an orc knight

Illustrated notes

Levels and vault maps discovered:
D:1:      minmay_arrival_doors, layout_loops_cross
D:2:      layout_basic, basic_ecumenical_altar, serial_bayou_ford_a,
          kennysheep_cluttered_room, nrook_uturn, uniq_jessica
D:3:      layout_basic, serial_shops, nicolae_shop_window_shopping
D:4:      layout_layer_cave, serial_shops, nicolae_inconvenience_store,
          minmay_bisected
D:5:      layout_gridville
D:6:      layout_cave_pods, mainiacjoe_overflow_alcove_4, temple_pool_b,
          uniq_eustachio, uniq_edmund
D:7:      layout_layer_cave, uniq_menkaure
D:8:      layout_cave_pools, david_lair_generic, minmay_misc_feat_secret_circle
D:9:      layout_irregular_city, serial_shops, shop, minmay_misc_feat_rugged
D:10:     layout_irregular_city
D:11:     cheibrodos_wizards_tower, layout_irregular_city, orc_0_dummy,
          serial_column_ruins, column_ruins_hut, column_ruins_square_medium,
          column_ruins_columns_dead_end, column_ruins_grid_1,
          column_ruins_columns_corner, column_ruins_open_medium,
          column_ruins_grid_1, column_ruins_grid_2,
          chequers_serial_rivers_small_a, david_defended_altar_orc
D:12:     layout_basic
Temple:   mainiacjoe_temple_trianglar_array
Orc:1:    layout_caves, uniq_harold
Orc:2:    grunt_orc_gardens, layout_caves, grunt_orc_garden, grunt_orc_garden,
          grunt_orc_garden, grunt_orc_garden, basic_altar

Skill      XL: |  1  2  3  4  5  6  7  8  9 10 11 |
---------------+----------------------------------+-----
Dodging        | 2 4 |  4.0
Stealth        | 2 |  2.0
Necromancy     | 5 6 7 10 12 | 12.0
Fighting       | 2 4 5 |  5.5
Spellcasting   | 3 4 5 6 7 8 |  8.0
Shields        | 2 4 6 |  6.0
Armour         | 1 2 4 6 |  6.0
Evocations     | 2 |  2.0
Poison Magic   | 4 5 |  5.0
Conjurations   | 4 5 |  5.0
Air Magic      | 2 3 |  3.0

Action                   |  1- 3 |  4- 6 |  7- 9 | 10-12 || total
-------------------------+-------+-------+-------+-------++-------
Melee: Whip              |     6 |       |       |       ||     6
       Falchion          |       |    61 |   106 |   109 ||   276
       Tailslap          |       |     8 |    14 |    19 ||    41
       Punch             |       |     2 |     1 |       ||     3
Throw: Dart              |       |     2 |       |       ||     2
       Boomerang         |       |       |     6 |    13 ||    19
       Javelin           |       |       |     1 |     2 ||     3
 Cast: Pain              |    61 |    95 |   100 |   112 ||   368
       Vampiric Draining |       |     6 |    49 |   110 ||   165
       Dispel Undead     |       |       |     9 |    27 ||    36
       Sublimation of Bl |       |       |     2 |     2 ||     4
       Agony             |       |       |       |    15 ||    15
       Mephitic Cloud    |       |       |       |    27 ||    27
       Animate Skeleton  |       |       |       |     3 ||     3
Evoke: Wand              |       |       |     6 |       ||     6
  Use: Potion            |     1 |       |       |     1 ||     2
       Scroll            |       |     3 |     6 |     8 ||    17
 Stab: Sleeping          |       |     1 |     1 |       ||     2
       Confused          |       |       |       |     4 ||     4
Armor: Robe              |     8 |    25 |       |       ||    33
       Ring mail         |       |    12 |    12 |    47 ||    71
       Skin              |       |     1 |       |       ||     1
       Leather armour    |       |       |    85 |    81 ||   166
Dodge: Dodged            |    25 |    56 |   122 |   166 ||   369
       Repelled          |       |       |     1 |     1 ||     2
Block: Other             |       |    59 |   115 |       ||   174
       Reflection        |       |     5 |     7 |     9 ||    21
       Buckler           |       |       |    15 |   259 ||   274
